 Dungeon Crawl Stone Soup version 0.29.0-11-gd7f09526c8 (webtiles) character file.

Game seed: 8163094853664743933

479 sanka the Insei (level 6, -1/50 HPs)
             Began as a Demigod Delver on Sept 6, 2022.
             Slain by a black bear (3 damage)
             ... on level 4 of the Dungeon.
             The game lasted 00:06:34 (5548 turns).

sanka the Insei (Demigod Delver)                    Turns: 5548, Time: 00:06:36

Health: -1/50      AC:  5    Str: 13    XL:     6   Next: 55%
Magic:  8/8        EV: 11    Int: 20    God:
Gold:   101        SH:  5    Dex: 15    Spells: 5/5 levels left

rFire   + . .      SeeInvis .     - Unarmed
rCold   . . .      Faith    .   (no shield)
rNeg    . . .      Spirit   .   r - +2 leather armour {rF+}
rPois   .          Reflect  +   (no helmet)
rElec   .          Harm     .   (no cloak)
rCorr   .          Rampage  .   (no gloves)
Will    .....                   (no boots)
Stlth   +++.......              k - amulet of reflection
HPRegen 0.16/turn               (no ring)
MPRegen 0.11/turn               (no ring)

@: no status effects
A: high MP 1, forlorn, divine attributes
a: no special abilities


You were on level 4 of the Dungeon.
You visited 1 branch of the dungeon, and saw 5 of its levels.

You collected 301 gold pieces.
You spent 200 gold pieces at shops.


Innate Abilities, Weirdness & Mutations

You have an increased reservoir of magic. (+10% MP)
You shall have no god before yourself.
Your divine heritage dramatically boosts your attributes as you level up.


   Skills:
 - Level 2.6 Fighting
 - Level 1.7 Dodging
 - Level 4.5 Stealth
 + Level 6.8 Unarmed Combat


You had 5 spell levels left.
You didn't know any spells.
Your spell library contained the following spells:

 Spells                   Type           Power      Damage    Failure   Level
 Foxfire                  Conj/Fire      0%         2x1d4     24%         1
 Sublimation of Blood     Necr           0%         N/A       36%         2
 Wereblood                Tmut           0%         N/A       36%         2
 Conjure Flame            Conj/Fire      0%         6-21      58%         3
 Gell's Gravitas          Tloc           0%         N/A       58%         3
 Inner Flame              Hex/Fire       0%         N/A       58%         3
 Lesser Beckoning         Tloc           0%         N/A       58%         3
 Teleport Other           Tloc           0%         N/A       58%         3
 Flame Wave               Conj/Fire      0%         2d4       94%         4
 Summon Hydra             Summ           0%         N/A       100%        7

Inventory:

Armour
 r - a +2 leather armour of fire resistance (worn)
Magical Staves
 l - a staff of earth
Jewellery
 a - a ring of resist corrosion
 g - a ring of magical power
 k - an amulet of reflection (around neck)
Wands
 f - a wand of digging (3)
Scrolls
 b - a scroll of fog
 c - 2 scrolls of magic mapping
 d - a scroll of enchant armour
 m - a scroll of poison {!r}
 n - 3 scrolls of teleportation {@r4}
 o - a scroll of vulnerability {!r}
 q - a scroll of noise {!r}
 v - a scroll of enchant weapon
Potions
 h - a potion of curing {@q1}
 i - 2 potions of might
 j - 3 potions of lignification {!q}
 p - 2 potions of attraction {unknown}
 s - 2 potions of haste {@q3}
 t - a potion of heal wounds {@q2}
 u - a potion of mutation {unknown}

Dungeon Overview and Level Annotations

Branches:
Dungeon (5/15)             Temple (0/1) D:4

Shops:
D:2

* .▒ ▒▒▒ .▒ ▒.▒
..▒ ▒▒▒.▒▒ ..▒
▒.. .....▒ ..▒
▒.▒ ▒.▒..▒ ..▒
▒h▒ ▒▒.▒..▒ ..▒
▒p▒▒▒..▒..▒
..▒▒▒▒
▒.▒▒......▒
.....+
▒.........▒
..▒▒▒▒
.......▒▒...▒..▒
.....▒
.....▒.▒▒▒.....▒
.▒▒▒.▒
...▒▒▒........▒▒
.▒ ▒.▒ ..
▒▒▒▒▒.▒▒▒▒ .▒
▒.▒ ▒+▒ ▒...▒ .▒
▒.▒ ▒.▒ ▒.▒.▒


You could see a black bear (berserk).


Message History

The black bear claws you.
* * * LOW HITPOINT WARNING * * *
Unknown command.
You closely miss the black bear.
The black bear is severely wounded.
The black bear bites you!
* * * LOW HITPOINT WARNING * * *
The black bear claws you.
* * * LOW HITPOINT WARNING * * *
The black bear claws you but does no damage.
Unknown command.
You punch the black bear!
The black bear is almost dead.
The black bear goes berserk!
You closely miss the black bear. Your punch misses the black bear.
The black bear is almost dead.
The black bear bites you!
* * * LOW HITPOINT WARNING * * *
The black bear misses you. The black bear claws you.
* * * LOW HITPOINT WARNING * * *
The black bear barely misses you. The black bear misses you.
The black bear claws you.
* * * LOW HITPOINT WARNING * * *
The black bear barely misses you. The black bear closely misses you.
The black bear claws you.
You die...

Action                   |  1- 3 |  4- 6 || total
-------------------------+-------+-------++-------
Melee: Unarmed           |   129 |   278 ||   407
       Punch             |     2 |     9 ||    11
  Use: Scroll            |     1 |     6 ||     7
       Potion            |     1 |     3 ||     4
 Stab: Sleeping          |     7 |     5 ||    12
Armor: Leather armour    |    29 |    62 ||    91
Dodge: Dodged            |    64 |    88 ||   152
Block: Other             |    26 |    47 ||    73
       Reflection        |       |     1 ||     1

Levels and vault maps discovered:
D:1:      dpeg_arrival_line_fractal, layout_basic
D:2:      kennysheep_big_flooded_room, layout_loops_ring, serial_shops,
          nicolae_diamond_shop, amethyst_killhole, minmay_vboxes
D:3:      layout_basic, nemelex_spade_bored_becter
D:4:      layout_loops_corners, minmay_temple_entry_antechambers,
          minmay_mini_ossuary, uniq_sigmund
D:5:      layout_loops_cross, kennysheep_mini, serial_shops,
          nicolae_shop_statue_plus, uniq_pikel

Notes
Turn   | Place    | Note
-------+----------+-------------------------------------------
     0 | D:5      | sanka the Demigod Delver began the quest for the Orb.
     0 | D:5      | Reached XP level 1. HP: 18/18 MP: 3/3
    30 | D:5      | Noticed a hound
    55 | D:5      | Killed a hound
    56 | D:5      | Reached skill level 3 in Unarmed Combat
    56 | D:5      | Reached XP level 2. HP: 12/25 MP: 4/4
   257 | D:1      | Reached XP level 3. HP: 30/30 MP: 5/5
   458 | D:2      | Found Poskiv's General Store.
   466 | D:2      | Bought a potion of lignification for 30 gold pieces
  1067 | D:2      | Reached skill level 4 in Unarmed Combat
  1386 | D:2      | Reached XP level 4. HP: 20/37 MP: 6/6
  1557 | D:2      | HP: 3/37 [poisoned by an adder]
  2720 | D:2      | HP: 3/37 [something (3)]
  3075 | D:2      | Bought a scroll of identify for 20 gold pieces
  3075 | D:2      | Bought a potion of heal wounds for 50 gold pieces
  3075 | D:2      | Bought a potion of haste for 100 gold pieces
  3474 | D:2      | Reached skill level 5 in Unarmed Combat
  3474 | D:2      | Reached XP level 5. HP: 36/42 MP: 7/7
  4223 | D:4      | HP: 2/42 [something/puff of flame (5)]
  4434 | D:4      | Found a staircase to the Ecumenical Temple.
  4522 | D:4      | Noticed a black bear
  4535 | D:4      | Killed a black bear
  4536 | D:4      | Reached skill level 6 in Unarmed Combat
  4536 | D:4      | Reached XP level 6. HP: 12/50 MP: 8/8
  5547 | D:4      | HP: 4/50 [black bear (11)]
  5548 | D:4      | Slain by a black bear

Vanquished Creatures
  A black bear (D:4)
  A necrophage (D:4)
  2 howler monkeys
  A hound (D:5)
  3 orc wizards
  A mummy (D:4)
  5 adders (D:2)
  A worm (D:4)
  A dart slug (D:3)
  8 orcs
  5 bats
  5 endoplasms
  5 giant cockroaches
  8 goblins
  10 hobgoblins
  A jackal (D:2)
  3 quokkas
  4 ball pythons
  4 frilled lizards
  10 kobolds
  8 rats
87 creatures vanquished.
